 Dungeon Crawl Stone Soup version 0.21.1-1-g345015f (webtiles) character file.

1758 kae the Slasher (level 9, 0/69 HPs)
             Began as a Formicid Abyssal Knight on May 3, 2018.
             Was an Elder of Lugonu.
             Killed by nerve-wracking pain
             ... invoked by a shadow imp
              (8 damage)
             ... on level 5 of the Dungeon.
             The game lasted 00:11:59 (9905 turns).

kae the Slasher (Formicid Abyssal Knight)           Turns: 9905, Time: 00:12:00

Health: 0/69       AC:  7    Str: 19    XL:     9   Next: 27%
Magic:  13/13      EV: 11    Int: 13    God:    Lugonu [****..]
Gold:   295        SH:  0    Dex: 10    Spells: 8/8 levels left

rFire    . . .     SeeInvis +   a - +2 falchion
rCold    . . .     Gourm    .   (no shield)
rNeg     . . .     Faith    .   i - +0 scale mail
rPois    +         Spirit   .   (helmet unavailable)
rElec    .         Reflect  .   (no cloak)
rCorr    .         Harm     .   (no gloves)
MR       .....                  (no boots)
Stlth    ..........             (no amulet)
HPRegen  0.21/turn              (no ring)
MPRegen  0.13/turn              (no ring)

@: drained
A: permanent stasis, dig shafts and tunnels, four strong arms, antennae 3,
poison resistance, MP-powered wands
a: Dig, Shaft Self, Depart the Abyss, Bend Space, Banish, Corrupt, Renounce
Religion


You were on level 5 of the Dungeon.
You worshipped Lugonu.
Lugonu was greatly pleased with you.
You were very hungry.

You visited 2 branches of the dungeon, and saw 7 of its levels.
You visited the Abyss 1 time.
You also visited: Sewer.

You collected 295 gold pieces.

Inventory:

Hand Weapons
 a - a +2 falchion (weapon)
Armour
 b - a +1 leather armour
 i - a +0 scale mail (worn)
Jewellery
 d - an uncursed amulet of faith
Scrolls
 e - a scroll of enchant armour
 h - 5 scrolls of teleportation
 j - 2 scrolls of identify
 l - 3 scrolls of remove curse
Potions
 k - a potion of cancellation
 r - a potion of berserk rage
Books
 f - a book of Minor Magic

   Spells                             Type                      Level
   a - Magic Dart                     Conjuration                  1
   b - Blink                          Translocation                2
   c - Call Imp                       Summoning                    2
   d - Slow                           Hexes                        2
   e - Conjure Flame                  Conjuration/Fire             3
   f - Mephitic Cloud                 Conjuration/Poison/Air       3
Comestibles
 c - 9 rations


   Skills:
 + Level 6.0(5.8) Fighting
 * Level 6.9(6.7) Long Blades
 + Level 5.3(5.1) Armour
 + Level 4.2(4.0) Dodging
 + Level 5.7(5.5) Invocations


You had 8 spell levels left.
You didn't know any spells.

Dungeon Overview and Level Annotations

Branches:
Dungeon (6/15)             Temple (1/1) D:4

Altars:
Ashenzari
Fedhas
Makhleb
Sif Muna
Wu Jian
Yredelemnul

Annotations:
D:3 Purgy; kae's ghost, amateur FoFi
D:4 kae's ghost, novice GrEE


Innate Abilities, Weirdness & Mutations

You cannot be hasted, slowed, berserked, paralysed or teleported.
You can dig through walls and to a lower floor.
Your four strong arms can wield two-handed weapons with a shield.
You have a pair of large antennae on your head. (SInv)
Your system is resistant to poisons. (rPois)
You expend magic power (3 MP) to strengthen your wands.


Message History

You barely miss the shadow imp.
The shadow imp is lightly wounded.
The shadow imp gestures at you. Pain shoots through your body!
You hit the shadow imp but do no damage.
The shadow imp is lightly wounded.
The shadow imp hits you.
You slash the shadow imp!
The shadow imp is almost dead.
The shadow imp closely misses you.
You hit the shadow imp.
The shadow imp is almost dead.
The shadow imp gestures at you. Pain shoots through your body!
* * * LOW HITPOINT WARNING * * *
You barely miss the shadow imp.
The shadow imp is almost dead.
The shadow imp gestures at you. Pain shoots through your body!
You die...

######### #######
#.......#
#.....###.#####.#
#.###..@...####.######
#.....5##..#.........#
#..#.........##.####.#
#......##..####.# #.#
#.#.#...........# #.#
#......#############.###
#.[..#.# #.......
#......# #.##.#..
#......# ########.#..#..


You could see a shadow imp.

Vanquished Creatures
  Duvessa (D:6)
  A black bear (D:5)
  4 ogres
  2 bullfrogs (D:6)
  Dowan (D:6)
  2 wights
  2 howler monkeys
  2 crimson imps
  A gnoll shaman (D:6)
  A hound (D:5)
  A jelly (D:5)
  2 orc priests
  A centaur skeleton (D:6)
  Jessica (D:2)
  An iguana (D:6)
  An orc wizard (D:4)
  5 worker ants
  9 gnolls
  2 worker ant zombies (D:6)
  A river rat (D:3)
  7 adders
  2 howler monkey skeletons
  3 shadow imps
  2 oozes
  3 worms
  3 dart slugs
  5 leopard geckos
  10 orcs
  6 giant cockroaches
  8 goblins
  9 hobgoblins
  19 jackals
  11 kobolds
  2 quokkas (D:4)
  2 ball pythons
  10 bats
  5 frilled lizards
  A jackal skeleton (D:4)
  A quokka skeleton (D:5)
  10 rats
160 creatures vanquished.

Vanquished Creatures (others)
  An ogre (D:4)
1 creature vanquished.

Grand Total: 161 creatures vanquished

Notes
Turn   | Place    | Note
-------+----------+-------------------------------------------
     0 | Abyss:1  | kae the Formicid Abyssal Knight began the quest for the Orb.
     0 | Abyss:1  | Reached XP level 1. HP: 18/18 MP: 2/2
    68 | Abyss:1  | Noticed a small abomination
    73 | Abyss:1  | Noticed an orange demon
    74 | D:1      | Escaped the Abyss
   486 | D:1      | Reached * piety under Lugonu
   486 | D:1      | Reached skill level 1 in Dodging
   505 | D:1      | Reached XP level 2. HP: 22/24 MP: 3/3
   666 | D:1      | Reached XP level 3. HP: 28/29 MP: 4/4
   989 | D:1      | Reached ** piety under Lugonu
  1178 | D:2      | Reached XP level 4. HP: 36/37 MP: 6/6
  1443 | D:2      | Found a deep blue altar of Sif Muna.
  1447 | D:2      | Noticed Jessica
  1471 | D:2      | Killed Jessica
  2236 | D:2      | Found an ornate altar of the Wu Jian Council.
  2404 | D:2      | Found a burning altar of Makhleb.
  2434 | D:2      | Reached XP level 5. HP: 39/42 MP: 7/7
  2551 | D:3      | Noticed kae's ghost (amateur FoFi)
  2772 | D:3      | HP: 2/42 [gnoll/club (3)]
  2774 | D:3      | Gained mutation: You expend magic power (3 MP) to strengthen your wands. [potion of mutation]
  2774 | D:3      | Gained mutation: Your system is resistant to poisons. (rPois) [potion of mutation]
  2821 | D:3      | Reached XP level 6. HP: 20/48 MP: 8/8
  2926 | D:3      | Found a glowing drain.
  2930 | Sewer    | Entered a sewer
  3149 | Sewer    | Noticed Purgy
  3187 | D:3      | HP: 2/48 [Purgy (1)]
  4385 | D:3      | Reached *** piety under Lugonu
  5406 | D:4      | Reached XP level 7. HP: 41/55 MP: 9/9
  5628 | D:4      | Found a staircase to the Ecumenical Temple.
  5820 | D:4      | Noticed kae's ghost (novice GrEE)
  6156 | D:4      | Found a blossoming altar of Fedhas.
  6421 | D:4      | HP: 2/55 [ogre/giant spiked club (27)]
  6438 | Temple   | Entered the Ecumenical Temple
  6724 | D:4      | Reached skill level 5 in Long Blades
  7047 | D:5      | Entered Level 5 of the Dungeon
  7122 | D:5      | Reached XP level 8. HP: 54/61 MP: 11/11
  7165 | D:5      | Reached skill level 5 in Fighting
  7171 | D:5      | Reached **** piety under Lugonu
  8148 | D:5      | Found a basalt altar of Yredelemnul.
  8338 | D:6      | Noticed Dowan
  8339 | D:6      | Noticed Duvessa
  8961 | D:6      | Killed Duvessa
  8968 | D:6      | Killed Dowan
  9037 | D:6      | Reached skill level 5 in Invocations
  9206 | D:6      | Reached skill level 5 in Armour
  9206 | D:6      | Reached XP level 9. HP: 53/69 MP: 12/12
  9905 | D:5      | Killed from afar by a shadow imp

Skill      XL: |  1  2  3  4  5  6  7  8  9 |
---------------+----------------------------+-----
Dodging        | 1 2 3 4 |  4.2
Long Blades    | 3 4 5 6 |  6.9
Invocations    | 3 4 5 |  5.7
Fighting       | 4 5 6 |  6.0
Armour         | 3 4 5 |  5.3

Action                   |  1- 3 |  4- 6 |  7- 9 || total
-------------------------+-------+-------+-------++-------
Melee: Falchion          |    86 |   258 |   352 ||   696
Invok: Depart the Abyss  |     1 |       |       ||     1
       Bend Space        |       |       |     2 ||     2
       Banish            |       |       |     1 ||     1
  Use: Potion            |       |    11 |     3 ||    14
       Scroll            |       |    10 |     3 ||    13
 Stab: Invisible         |       |     1 |       ||     1
  Eat: Chunk             |     1 |    13 |    11 ||    25
       Ration            |       |       |     1 ||     1
Armor: Leather armour    |    18 |    59 |    35 ||   112
       Skin              |       |     5 |       ||     5
       Scale mail        |       |       |    28 ||    28
Dodge: Dodged            |    54 |   192 |   205 ||   451
       Rpst.: Falchion   |    16 |    46 |    54 ||   116
